 Dungeon Crawl Stone Soup version 0.24-a0-251-g44e327ef01 (webtiles) character file.

Game seed: 6226561042479984809

892 Redear the Shield-Bearer (level 8, -3/55 HPs)
             Began as an Octopode Fighter on Apr 17, 2019.
             Was an Initiate of Ru.
             Slain by an unseen horror (6 damage)
             ... on level 6 of the Dungeon.
             The game lasted 00:07:16 (4480 turns).

Redear the Shield-Bearer (Octopode Fighter)         Turns: 4480, Time: 00:07:16

Health: -3/55      AC:  1    Str: 15      XL:     8   Next: 6%
Magic:  8/8        EV: 14    Int:  9 (10) God:    Ru [......]
Gold:   359        SH:  9    Dex: 14      Spells: 7/7 levels left

rFire    . . .     SeeInvis .   p - +3 dagger (speed)
rCold    . . .     Gourm    .   b - +0 shield
rNeg     . . .     Faith    .   (helmet restricted)
rPois    .         Spirit   .   (no amulet)
rElec    .         Reflect  .   (no ring)
rCorr    .         Harm     .   (no ring)
MR       .....                  (no ring)
Stlth    ++++......             (no ring)
HPRegen  0.18/turn              (no ring)
MPRegen  0.11/turn              (no ring)
                                (no ring)
                                (no ring)

@: no status effects
A: almost no armour, stealthy swim, amphibious, 8 rings, constrict 8, camouflage
1, gelatinous body 1
a: Renounce Religion


You were on level 6 of the Dungeon.
You worshipped Ru.
Ru was noncommittal.
You were not hungry.

You visited 2 branches of the dungeon, and saw 7 of its levels.

You collected 359 gold pieces.

Inventory:

Hand Weapons
 a - a +0 long sword
 p - a +3 dagger of speed (weapon)
Missiles
 i - 218 stones (quivered)
 t - 4 tomahawks of returning
Armour
 b - a +0 shield (worn)
Wands
 r - a wand of polymorph (12)
 D - a wand of digging (6)
 I - a wand of iceblast (5)
Scrolls
 e - 2 scrolls of random uselessness {unknown}
 f - 3 scrolls of remove curse {unknown}
 h - 2 scrolls of fear {unknown}
 j - 8 scrolls of identify {unknown}
 l - a scroll of noise {unknown}
 n - a scroll of magic mapping {unknown}
 o - 2 scrolls of amnesia {unknown}
Potions
 q - 2 potions of lignification
Comestibles
 z - 9 rations


   Skills:
 + Level 5.0 Fighting
 + Level 4.4 Long Blades
 + Level 5.0 Dodging
 + Level 4.4 Stealth
 + Level 5.1 Shields


You had 7 spell levels left.
You didn't know any spells.
Your spell library contained the following spells:

 Spells                   Type           Power        Failure   Level  Hunger
 Beastly Appendage        Tmut           #.....       82%         1    ##.....
 Sting                    Conj/Pois      #...         82%         1    ##.....
 Poisonous Vapours        Pois/Air       #.....       91%         2    ###....
 Sticks to Snakes         Tmut           #.......     91%         2    ###....
 Mephitic Cloud           Conj/Pois/Air  #.......     99%         3    ####...
 Spider Form              Tmut/Pois      #.........   99%         3    ####...
 Ice Form                 Ice/Tmut       #.......     100%        4    #####..
 Olgreb's Toxic Radiance  Pois           #.......     100%        4    #####..
 Blade Hands              Tmut           #.........   100%        5    ######.
 Venom Bolt               Conj/Pois      #.........   100%        5    ######.


Dungeon Overview and Level Annotations

Branches:
Dungeon (6/15)             Temple (1/1) D:5

Altars:
Ashenzari
Cheibriados
Dithmenos
Fedhas
Gozag
Hepliaklqana
Kikubaaqudgha
Nemelex Xobeh
Okawaru
Qazlal
Ru
Sif Muna
Trog
Vehumet
Wu Jian
Xom
Zin
The Shining One
Lugonu


Innate Abilities, Weirdness & Mutations

You cannot wear most types of armour.
You are very stealthy in the water. (Stealth+)
You are amphibious.
You can wear up to eight rings at the same time.
You can use your tentacles to constrict eight enemies at once.
Your skin changes colour to match your surroundings (Stealth+).
Your rubbery body absorbs attacks. (AC +1, EV +1)


Message History

You cannot move.
You swing at nothing.
Something hits you but does no damage.
The gnoll hits you from afar with a +0 halberd.
* * * LOW HITPOINT WARNING * * *
You take 1 damage, and have 6/82 hp.
You hit something. Something hits you but does no damage.
You hit something. You block something's attack.
The gnoll hits you but does no damage. Something hits you but does no damage.
You puncture something! Something hits you.
* * * LOW HITPOINT WARNING * * *
You block the gnoll's attack.
You take 2 damage, and have 4/82 hp.
You swing at nothing.
Something hits you but does no damage.
Your magical effects are unravelling.
You feel magically purged.
You feel less wooden.
You feel a little less mighty now.
You feel a little less clever now.
You feel a little less agile now.
Your resistance to elements expires.
Something hits you.
You die...

............# .#
............####.#
..!#######.......#
............####.#
...##.........##.#+###
...##$...............#
...##................#
...##.........g).....#
###.............@....#
#.#...##..##.).....#
.......................
##.#...###.######.####.
..#... #.# .# #.. #.#
.# # #.# # #.#


You could see a gnoll.

Vanquished Creatures
  A sky beast (D:5)
  A phantom (D:4)
  Blork the orc (D:4)
  2 scorpions
  2 crimson imps (D:5)
  An orc priest (D:4)
  3 orc wizards
  5 worker ants
  A worker ant zombie (D:5)
  Robin (D:2)
  6 adders
  3 gnolls (D:6)
  A shadow imp (D:5)
  2 oozes
  A worm (D:2)
  2 dart slugs
  6 leopard geckos
  19 orcs
  6 giant cockroaches
  12 goblins
  10 hobgoblins
  2 jackals (D:3)
  7 kobolds
  2 quokkas
  A ball python (D:2)
  7 bats
  4 frilled lizards
  A quokka skeleton (D:4)
  6 rats
116 creatures vanquished.

Notes
Turn   | Place    | Note
-------+----------+-------------------------------------------
     0 | D:1      | Redear the Octopode Fighter began the quest for the Orb.
     0 | D:1      | Reached XP level 1. HP: 16/16 MP: 1/1
   156 | D:1      | Reached XP level 2. HP: 21/21 MP: 2/2
   699 | D:2      | Reached XP level 3. HP: 23/26 MP: 3/3
   888 | D:2      | Found a faded altar of an unknown god.
  1075 | D:2      | Reached XP level 4. HP: 30/31 MP: 4/4
  1222 | D:2      | Found a glowing golden altar of the Shining One.
  1408 | D:2      | Noticed Robin
  1413 | D:2      | Killed Robin
  1918 | D:3      | Reached XP level 5. HP: 22/37 MP: 5/5
  1949 | D:3      | Found a shadowy altar of Dithmenos.
  1977 | D:3      | Reached skill level 3 in Long Blades
  2041 | D:3      | Reached skill level 1 in Stealth
  2176 | D:3      | Found a stormy altar of Qazlal.
  2465 | D:4      | Reached skill level 4 in Fighting
  2465 | D:4      | Reached skill level 4 in Shields
  2480 | D:4      | Reached skill level 4 in Dodging
  2503 | D:4      | Reached XP level 6. HP: 29/43 MP: 6/6
  2618 | D:4      | Reached skill level 2 in Stealth
  2628 | D:4      | Noticed Blork the orc
  2632 | D:4      | Noticed a phantom
  2638 | D:4      | Killed Blork the orc
  2685 | D:4      | Killed a phantom
  2719 | D:4      | Reached skill level 3 in Stealth
  2719 | D:4      | Reached XP level 7. HP: 35/49 MP: 7/7
  3326 | D:4      | Reached skill level 4 in Long Blades
  3452 | D:5      | Entered Level 5 of the Dungeon
  3744 | D:5      | Reached skill level 4 in Stealth
  3811 | D:5      | Found a shattered altar of Ashenzari.
  3811 | D:5      | Found a snail-covered altar of Cheibriados.
  3811 | D:5      | Found a radiant altar of Vehumet.
  3815 | D:5      | Found an iron altar of Okawaru.
  3816 | D:5      | Found a blossoming altar of Fedhas.
  3818 | D:5      | Found a hazy altar of Hepliaklqana.
  3819 | D:5      | Found an opulent altar of Gozag.
  3853 | D:5      | Found a staircase to the Ecumenical Temple.
  3865 | Temple   | Entered the Ecumenical Temple
  3880 | Temple   | Became a worshipper of Ru the Awakened
  4073 | D:5      | Found an ornate altar of the Wu Jian Council.
  4147 | D:5      | Reached skill level 5 in Shields
  4211 | D:5      | Reached skill level 5 in Fighting
  4211 | D:5      | Reached skill level 5 in Dodging
  4211 | D:5      | Reached XP level 8. HP: 55/55 MP: 8/8
  4449 | D:6      | HP: 3/55 [something (11)]
  4473 | D:6      | HP: 7/82 [something (4)]
  4478 | D:6      | HP: 4/82 [something (2)]
  4480 | D:6      | Slain by an unseen horror

Levels and vault maps discovered:
D:1:      lemuel_arrival_rhombus, layout_rooms, serial_rivers,
          chequers_serial_rivers_marsh, chequers_serial_rivers_large_a,
          chequers_serial_rivers_room_b, chequers_serial_rivers_marsh,
          chequers_serial_rivers_room_b, dk_noncrumbling_4
D:2:      layout_basic, nicolae_tso_swordbearing_angel,
          chequers_ecumenical_altar_twisty, minivault_11, minivault_19,
          corexii_item_surrounded_by_moat, minmay_misc_feat_secret_circle,
          uniq_robin
D:3:      layout_rooms, nicolae_dithmenos_through_a_glass_darkly,
          nicolae_qazlal_eye_of_the_storm, first_ration
D:4:      layout_loops_corners, uniq_blork_the_orc
D:5:      layout_basic, nicolae_overflow_crystal_walls, minitemple,
          minmay_temple_entry_trees
D:6:      layout_basic, ebering_ghost_sewer_d, nemelex_lonely_heart_becter,
          uniq_grinder
Temple:   corrupted_temple

Skill      XL: |  1  2  3  4  5  6  7 |
---------------+----------------------+-----
Long Blades    | 3 4 |  4.4
Stealth        | 1 3 4 |  4.4
Fighting       | 4 5 |  5.0
Shields        | 4 5 |  5.1
Dodging        | 4 5 |  5.0

Action                   |  1- 3 |  4- 6 |  7- 9 || total
-------------------------+-------+-------+-------++-------
Melee: Long sword        |    48 |    57 |       ||   105
       Tentacles         |    15 |    25 |    24 ||    64
       Constrict         |    16 |    36 |    17 ||    69
       Dagger            |       |    80 |   100 ||   180
  Use: Potion            |       |     5 |     7 ||    12
 Stab: Sleeping          |     8 |     5 |     6 ||    19
  Eat: Chunk             |       |     5 |     4 ||     9
       Ration            |       |       |     1 ||     1
Armor: Skin              |     4 |     3 |    36 ||    43
Dodge: Dodged            |    22 |    42 |    23 ||    87
Block: Shield            |    18 |    41 |    45 ||   104
       Rpst.: Long sword |    10 |     7 |       ||    17

Table legend:
 A = Non-vault XP
 B = Vault XP
 C = Vault XP percentage of total XP
 D = Non-vault monster count
 E = Vault monster count
 F = Vault count percentage of total count
                 A         B        C        D         E       F
            +---------+---------+-------+---------+---------+-------
      Total |    1144 |     131 |  10.3 |     104 |      12 |  10.3
            +---------+---------+-------+---------+---------+-------
        D:1 |      28 |       0 |   0.0 |      18 |       0 |   0.0
        D:2 |      76 |      35 |  31.5 |      21 |      11 |  34.4
        D:3 |      97 |       0 |   0.0 |      25 |       0 |   0.0
        D:4 |     486 |      96 |  16.5 |      20 |       1 |   4.8
        D:5 |     402 |       0 |   0.0 |      16 |       0 |   0.0
        D:6 |      55 |       0 |   0.0 |       4 |       0 |   0.0
            +---------+---------+-------+---------+---------+-------
